 Dungeon Crawl Stone Soup version 0.29-a0-998-g1987434951 (webtiles) character file.

Game seed: 11255855216048383344

45 vurker the Magician (level 3, -1/27 HPs)
             Began as a Djinni Ice Elementalist on Aug 5, 2022.
             Slain by a gnoll
             ... wielding a +0 flail
              (9 damage)
             ... on level 2 of the Dungeon.
             The game lasted 00:03:05 (1711 turns).

vurker the Magician (Djinni Ice Elementalist)       Turns: 1711, Time: 00:03:06

Health: -1/27      AC:  3    Str:  7    XL:     3   Next: 90%
Gold:   62         EV: 12    Int: 18    God:
                   SH:  0    Dex: 13

rFire   + + .      SeeInvis .   i - +0 dagger
rCold   x . .      Faith    .   (no shield)
rNeg    . . .      Spirit   .   a - +0 robe
rPois   ∞          Reflect  .   f - +0 helmet
rElec   .          Harm     .   (no cloak)
rCorr   .          Rampage  .   (no gloves)
Will    .....                   (boots unavailable)
Stlth   ++........              (no amulet)
HPRegen 0.09/turn               (no ring)
MPRegen 0.00/turn               (no ring)

@: flying
A: sickness immunity, fire resistance 2, cold vulnerability 1, float, innate
caster, HP casting, extra vitality 1
a: no special abilities


You were on level 2 of the Dungeon.
You visited 1 branch of the dungeon, and saw 2 of its levels.

You collected 62 gold pieces.

Inventory:

Hand Weapons
 i - a +0 dagger (weapon)
   (You took it off a goblin on level 1 of the Dungeon)
Armour
 a - a +0 robe (worn)
 f - a +0 helmet (worn)
   (You found it on level 1 of the Dungeon)
Scrolls
 c - a scroll of identify {unknown}
 h - a scroll of magic mapping {unknown}
 j - a scroll of noise {unknown}
Potions
 b - a potion of resistance {unknown}
 d - a potion of attraction {unknown}
 e - a potion of curing {unknown}
 g - 2 potions of cancellation {unknown}


   Skills:
 + Level 1.5 Fighting
 - Level 2.1 Dodging
 - Level 1.5 Stealth
 * Level 3.9 Spellcasting


You couldn't memorise any spells.
You knew the following spells:

 Your Spells              Type           Power      Damage    Failure   Level
a - Freeze                Ice            68%        1d8       3%          1
b - Frozen Ramparts       Ice            34%        1d11      9%          3
c - Ozocubu's Armour      Ice            17%        N/A       9%          3
d - Hailstorm             Conj/Ice       17%        3d6       28%         4
e - Sting                 Tmut/Pois      68%        1d6       3%          1
Your spell library was empty.

Dungeon Overview and Level Annotations

Branches:
Dungeon (2/15)

Altars:

Shops:
D:1 (


Innate Abilities, Weirdness & Mutations

You are immune to sickness and miasma.
You are immune to poison.
Your flesh is very heat resistant. (rF++)
You are vulnerable to cold. (rC-)
You float through the air rather than walking.
You learn spells naturally, not from books.
Your magical power is your life essence.
You have superior vitality. (+4 MHP)


Message History

A frilled lizard is nearby!
A frilled lizard is nearby!
A goblin comes into view. It is wielding a +0 dagger.
Aim: a frilled lizard (asleep)
You freeze the frilled lizard.
You kill the frilled lizard!
You see here a frilled lizard corpse.
A goblin is nearby!
A gnoll comes into view. It is wielding a +0 spear.
You don't know that spell.
Unknown command.
Unknown command.
You can't see any susceptible monsters within range! (Use Z to cast anyway.)
Okay, then.
The goblin shouts!
You hear a shout!
A gnoll comes into view. It is wielding a +0 flail.
You see here a frilled lizard corpse.
A gnoll comes into view. It is wielding a +0 flail.
Aim: a goblin, wielding a +0 dagger (67% to hit)
The sting misses the goblin.
Aim: a goblin, wielding a +0 dagger (67% to hit)
The sting misses the goblin.
The sting hits the gnoll.
The gnoll is poisoned.
The goblin attacks as you move away! The goblin hits you but does no damage.
The gnoll looks more healthy.
The goblin attacks as you move away! The goblin hits you with a +0 dagger.
The goblin attacks as you move away! The goblin closely misses you.
Unknown command.
Aim: a goblin, wielding a +0 dagger (67% to hit)
The sting hits the goblin.
The goblin is poisoned.
You kill the goblin!
The gnoll attacks as you move away! The gnoll hits you with a +0 flail!
Aim: a gnoll, wielding a +0 flail (severely wounded, 77% to hit)
The sting hits the gnoll.
The gnoll is poisoned.
The gnoll hits you with a +0 flail.
* * * LOW HITPOINT WARNING * * *
Found a sling.
Found a stone staircase leading down.
You kill the gnoll!
An endoplasm comes into view.
There is a stone staircase leading up here.
Aim: a gnoll, wielding a +0 flail (77% to hit)
The sting hits the gnoll.
The gnoll is poisoned.
* * * LOW HITPOINT WARNING * * *
Aim: a gnoll, wielding a +0 flail (lightly wounded, poisoned, 77% to hit)
The sting hits the gnoll.
The gnoll looks even sicker.
* * * LOW HITPOINT WARNING * * *
The gnoll attacks as you move away! The gnoll closely misses you.
You see here a +0 dagger.
The gnoll attacks as you move away! The gnoll hits you with a +0 flail!
You die...

..........................#
###.###..#######.......♣♣♣
#..##..# #..####♣.P.♣
###.##..# #..# ♣♣
+......♣♣♣♣♣###..##
.####..♣♣♣.PP♣.....###♣
.....♣♣.♣P............♣
.####♣♣......♣##..####.♣
♣....♣♣...@.####.#.
♣P....♣...g.........
♣PPPP.♣♣##<#.#####...
..♣♣♣♣♣♣ #.#.# ...
..#.###.#.# ... .....)..#)#
.. ........#.#####.
.>...............
.......##.######.


You could see a gnoll (very poisoned).

Vanquished Creatures
  A gnoll (D:2)
  A worm (D:2)
  A dart slug (D:1)
  5 ball pythons
  3 bats
  5 endoplasms
  2 giant cockroaches
  3 goblins
  2 quokkas (D:1)
  A frilled lizard (D:2)
  5 rats (D:1)
29 creatures vanquished.

Vanquished Creatures (others)
  A plant (D:2)
1 creature vanquished.

Grand Total: 30 creatures vanquished

Notes
Turn   | Place    | Note
-------+----------+-------------------------------------------
     0 | D:1      | vurker the Djinni Ice Elementalist began the quest for the
                  | Orb.
     0 | D:1      | vurker set off with the following spells memorised: Freeze,
                  | Frozen Ramparts, Ozocubu's Armour, Hailstorm.
     0 | D:1      | Reached XP level 1. HP: 15/15 MP: 0/0
   287 | D:1      | Reached XP level 2. HP: 21/22 MP: 0/0
   762 | D:1      | Found Rikif's Weapon Shoppe.
   777 | D:1      | Reached skill level 1 in Fighting
  1005 | D:1      | Reached XP level 3. HP: 24/27 MP: 0/0
  1005 | D:1      | Learned a level 1 spell: Sting
  1112 | D:1      | Found a faded altar of an unknown god.
  1711 | D:2      | Slain by a gnoll

Illustrated notes

Levels and vault maps discovered:
D:1:      nicolae_arrival_washed_ashore, layout_rooms,
          hellmonk_ecumenical_altar_inner_sanctum, serial_shops,
          nicolae_shop_behind_doors, chequers_serial_rivers_micro_b,
          corexii_leaking_fountain, grunt_decor_clamped
D:2:      layout_basic, serial_forest, infiniplex_forest_lined_corner,
          infiniplex_forest_straight_1, infiniplex_forest_clump_large,
          infiniplex_forest_corner_1, infiniplex_forest_end_3,
          infiniplex_forest_clump_curved, infiniplex_forest_end_1, basic_altar

Skill      XL: |  1  2 |
---------------+-------+-----
Fighting       | 1 |  1.5
Dodging        | |  2.1
Stealth        | |  1.5
Spellcasting   | |  3.9

Action                   || total
-------------------------++-------
Melee: Unarmed           ||     3
       Dagger            ||     7
 Cast: Freeze            ||    37
       Sting             ||     6
Armor: Robe              ||     9
Dodge: Dodged            ||    20

Table legend: (Time is in decaauts)
 A = Elapsed time spent in this place.
 B = Non-inter-level travel time spent in this place.
 C = Inter-level travel time spent in this place.
 D = Time resting spent in this place.
 E = Time spent auto-exploring this place.
 F = Levels seen in this place.
 G = Mean time per level.
                   A        B        C        D        E       F      G
               +--------+--------+--------+--------+--------+-----+--------+
         Total |   1710 |   1646 |     64 |      0 |   1395 |   2 |  855.0 |
       Dungeon |   1710 |   1646 |     64 |      0 |   1395 |   2 |  855.0 |
               +--------+--------+--------+--------+--------+-----+--------+

Top non-repeatable levels by time:
     D:1: 1310 daAuts
     D:2: 399 daAuts
